 Dungeon Sprint DCSS version 0.22.1-1-ga44c0e56f4 (webtiles) character file.

4410 MuseOD the Impaler (level 10, -4/83 (85) HPs)
             Began as a Merfolk Berserker on Oct 5, 2018.
             Was a High Priest of Trog.
             Killed from afar by a fire dragon (53 damage)
             ... with a blast of flame
             ... in the Dungeon (Sprint II: "The Violet Keep of Menkaure").
             The game lasted 00:05:09 (1107 turns).

MuseOD the Impaler (Merfolk Berserker)              Turns: 1107, Time: 00:05:10

HP:   -4/83 (85)    AC:  2    Str: 18 (19) XL:     10   Next: 36%
MP:   10/10         EV: 19    Int:  7      God:    Trog [*****.]
Gold: 614           SH:  0    Dex: 13      Spells: 9/9 levels left

rFire    . . .     SeeInvis +   a - +0 spear
rCold    . . .     Gourm    .   (no shield)
rNeg     . . .     Faith    .   b - +0 animal skin
rPois    +         Spirit   .   (no helmet)
rElec    .         Reflect  .   (no cloak)
rCorr    .         Harm     .   (no gloves)
MR       .....     Rnd*Rage +   (no boots) Stlth +++.......NoTele +
                                (no amulet)
HPRegen  0.23/turn              e - ring of see invisible
MPRegen  0.12/turn              (no ring)

@: no status effects
A: change form in water, swift swim, stealthy swim, berserk 1, deterioration 1,
frail 1, poison resistance, screaming 1, weak 1
a: Berserk, Trog's Hand, Brothers in Arms, Renounce Religion


You were in the Dungeon.
You worshipped Trog.
Trog was extremely pleased with you.
You were not hungry.

You visited 1 branch You collected 1134 gold pieces.
You spent 520 gold pieces at shops.

Inventory:

Hand Weapons
 a - a +0 spear (weapon)
Missiles
 f - 2 steel javelins
 k - 2 tomahawks of returning (quivered)
Armour
 b - a +0 animal skin (worn)
Jewellery
 e - a ring of see invisible (left hand)
Scrolls
 i - a scroll of blinking
Potions
 d - a potion of curing
 g - 2 potions of magic
 h - a potion of berserk rage
 j - a potion of degeneration {unknown}
 l - 3 potions of flight {unknown}
Comestibles
 c - 4 rations


   Skills:
 + Level 14.4 Fighting
 + Level 18.9 Polearms
 * Level 7.6 Throwing
 + Level 5.2 Armour
 + Level 11.6 Dodging
 + Level 5.5 Stealth


You had 9 spell levels left.
You didn't know any spells.
Your spell library was empty.

Dungeon Overview and Level Annotations

Branches:
Dungeon (1/1)

Altars:

Shops:
D =[:=([%:(?[}%![!

Annotations:
D exclusion: oklob plant


Innate Abilities, Weirdness & Mutations

You revert to your normal form in water.
You are very nimble and swift while swimming.
You are very stealthy in the water. (Stealth+)
You tend to lose your temper in combat.
Your body sometimes deteriorates upon taking damage.
You are frail. (-10% HP)
Your system is resistant to poisons. (rPois)
You occasionally shout uncontrollably at your foes.
You are weak. (Str -2)


Message History

The fire dragon is lightly wounded.
The fire dragon barely misses you. The fire dragon claws you.
The fire dragon completely misses you. The fire dragon breathes flames at you.
The blast of flame misses you.
There is an open door here.
Which direction?
You close the door.
You eat one of the 5 rations.
That ration really hit the spot!
You start resting.
You feel your health improve.
You start resting.
The walls and floor vibrate strangely for a moment.
Your two-headed ogre goes berserk!
You feel somewhat more hungry.
You open the door. The fire dragon breathes flames at you.
The blast of flame hits you!
Ouch! That really hurt!
You die...

#### +.(# #D(####
#'##..# #O@'.# #([###
####..+ #...####
#.....≈##
############))#+++#
###########((≈.......
##........#≈≈≈≈.##+##
##...⌠....#≈≈≈≈##.#.##


You could see a fire dragon and a friendly two-headed ogre (berserk).

Vanquished Creatures
  A yaktaur captain (D)
  A skeletal warrior (D)
  A kobold demonologist (D)
  2 hippogriffs (D)
  4 neqoxecs (D)
  Menkaure (D)
  5 necrophages (D)
  An iron imp (D)
  4 worker ants (D)
20 creatures vanquished.

Vanquished Creatures (collateral kills)
  Kirke (D)
  An ice dragon (D)
  A centaur warrior (D)
  An elephant (D)
4 creatures vanquished.

Vanquished Creatures (others)
  A crocodile (D)
1 creature vanquished.

Grand Total: 25 creatures vanquished

Notes
Turn   | Place    | Note
-------+----------+-------------------------------------------
     0 | D        | MuseOD the Merfolk Berserker began the quest for the Orb.
     0 | D        | Reached XP level 1. HP: 18/18 MP: 1/1
     1 | D        | Noticed a neqoxec
     8 | D        | Noticed a crimson imp
     9 | D        | Gained mutation: You tend to lose your temper in combat. [a
                  | neqoxec]
    14 | D        | Gained mutation: Your system is resistant to poisons.
                  | (rPois) [a neqoxec]
    17 | D        | Killed a neqoxec
    17 | D        | Reached skill level 10 in Polearms
    17 | D        | Reached XP level 2. HP: 6/31 MP: 2/2
    17 | D        | Reached XP level 3. HP: 7/36 MP: 3/3
    17 | D        | Reached XP level 4. HP: 9/43 MP: 4/4
    17 | D        | Reached XP level 5. HP: 10/48 MP: 5/5
   152 | D        | Killed a crocodile
   260 | D        | Noticed a hippogriff
   260 | D        | Noticed a hippogriff
   271 | D        | Killed a hippogriff
   271 | D        | Reached skill level 12 in Polearms
   271 | D        | Reached XP level 6. HP: 58/58 MP: 6/6
   277 | D        | Killed a hippogriff
   277 | D        | Reached ** piety under Trog
   277 | D        | Reached skill level 10 in Fighting
   277 | D        | Reached skill level 13 in Polearms
   277 | D        | Reached XP level 7. HP: 65/66 MP: 7/7
   388 | D        | Reached skill level 14 in Polearms
   391 | D        | Reached *** piety under Trog
   443 | D        | Received a gift from Trog
   454 | D        | Reached skill level 15 in Polearms
   454 | D        | Reached XP level 8. HP: 74/74 MP: 8/8
   460 | D        | Reached **** piety under Trog
   505 | D        | Gained mutation: You are frail. (-10% HP) [a neqoxec]
   508 | D        | Reached skill level 1 in Throwing
   508 | D        | Reached skill level 1 in Stealth
   519 | D        | Gained mutation: You are weak. (Str -2) [a neqoxec]
   521 | D        | Found Jixiwk Zusa's Antique Armour Boutique.
   521 | D        | Found Uganib's Food Shop.
   521 | D        | Found Badi's Antique Armour Boutique.
   522 | D        | Gained mutation: You occasionally shout uncontrollably at
                  | your foes. [a neqoxec]
   527 | D        | Gained mutation: Your body sometimes deteriorates upon
                  | taking damage. [a neqoxec]
   540 | D        | Reached skill level 16 in Polearms
   541 | D        | Found Nuacefac's Magic Scroll Boutique.
   541 | D        | Found Keogiqud's Antique Weapon Shop.
   542 | D        | Found Iritut's Distillery.
   542 | D        | Found Ytros's Gadget Shop.
   542 | D        | Found Ageluda Vahi's Book Shop.
   629 | D        | Found Jufen's Food Shop.
   629 | D        | Found Weophahi's Armour Boutique.
   630 | D        | Found Uteekil's Distillery.
   631 | D        | Found Nump's Antique Weapon Shop.
   631 | D        | Found Huiwij's Jewellery Boutique.
   631 | D        | Noticed Menkaure
   631 | D        | Noticed an oklob plant
   632 | D        | Found Hireyd Jeutz's Antique Armour Shop.
   632 | D        | Found Wuqely's Jewellery Boutique.
   632 | D        | Found Jaopryre's Book Shoppe.
   636 | D        | Bought a ration for 65 gold pieces
   636 | D        | Bought a ration for 65 gold pieces
   636 | D        | Bought a ration for 65 gold pieces
   636 | D        | Bought a ration for 65 gold pieces
   636 | D        | Bought a ration for 65 gold pieces
   647 | D        | Killed Menkaure
   693 | D        | Noticed a hell hog
   695 | D        | Noticed a hell hog
   699 | D        | Bought an uncursed ring of see invisible for 195 gold
                  | pieces
   699 | D        | Noticed an unseen horror
   699 | D        | Noticed an unseen horror
   775 | D        | Noticed an elephant
   775 | D        | Noticed a centaur warrior
   775 | D        | Noticed Kirke
   775 | D        | Noticed a kobold demonologist
   775 | D        | Noticed a skeletal warrior
   775 | D        | Noticed a yaktaur captain
   780 | D        | Killed a yaktaur captain
   780 | D        | Reached XP level 9. HP: 58/75 MP: 9/9
   789 | D        | Killed a skeletal warrior
   789 | D        | Reached skill level 17 in Polearms
   789 | D        | Reached skill level 5 in Throwing
   789 | D        | Reached skill level 10 in Dodging
   794 | D        | Killed Kirke
   794 | D        | Reached ***** piety under Trog
   794 | D        | Reached skill level 18 in Polearms
   794 | D        | Reached skill level 5 in Armour
   799 | D        | Killed an elephant
   799 | D        | Received a gift from Trog
   799 | D        | Reached XP level 10. HP: 53/83 MP: 10/10
   804 | D        | Killed a centaur warrior
   804 | D        | Reached skill level 5 in Stealth
   805 | D        | Killed a kobold demonologist
   805 | D        | Received a gift from Trog
   806 | D        | Noticed an ice dragon
   811 | D        | Killed an ice dragon
   999 | D        | Noticed a fire dragon
  1107 | D        | Killed from afar by a fire dragon

Skill      XL: |  1  2  3  4  5  6  7  8  9 10 |
---------------+-------------------------------+-----
Fighting       | 7 9 10 11 12 13 14 | 14.4
Polearms       | 10 12 13 15 16 18 | 18.9
Armour         | 2 3 4 5 |  5.2
Dodging        | 4 6 7 8 9 11 | 11.6
Throwing       | 4 6 7 |  7.6
Stealth        | 3 4 5 |  5.5

Action                   |  1- 3 |  4- 6 |  7- 9 | 10-12 || total
-------------------------+-------+-------+-------+-------++-------
Melee: Spear             |    15 |    16 |    83 |    44 ||   158
       Tailslap          |       |       |     4 |       ||     4
Throw: Tomahawk          |       |       |     3 |       ||     3
Invok: Berserk           |     1 |     1 |     5 |       ||     7
       Brothers in Arms  |       |       |     1 |     1 ||     2
       Trog's Hand       |       |       |     1 |       ||     1
  Use: Potion            |       |       |     2 |       ||     2
 Stab: Sleeping          |       |       |     1 |     1 ||     2
  Eat: Chunk             |       |       |     2 |       ||     2
       Ration            |       |       |     1 |     1 ||     2
Armor: Animal skin       |       |       |     2 |     1 ||     3
Dodge: Dodged            |     2 |    13 |    32 |    16 ||    63
